 Dungeon Crawl Stone Soup version 0.28.0-53-g5a82cb258f (webtiles) character file.

Game seed: 14514060777488847018

154 cbfl8 the Chopper (level 5, 47/47 HPs)
             Began as a Minotaur Berserker on July 17, 2022.
             Was a Believer of Trog.
             Quit the game on level 3 of the Dungeon.
             The game lasted 00:03:44 (1919 turns).

cbfl8 the Chopper (Minotaur Berserker)              Turns: 1919, Time: 00:03:44

Health: 47/47      AC:  9    Str: 21    XL:     5   Next: 13%
Magic:  4/4        EV: 11    Int:  4    God:    Trog [**....]
Gold:   149        SH:  3    Dex: 12    Spells: 4/4 levels left

rFire   . . .      SeeInvis .   n - +1 hand axe (vorpal)
rCold   . . .      Faith    .   m - +0 buckler
rNeg    . . .      Spirit   .   k - +0 ring mail
rPois   .          Reflect  .   (helmet restricted)
rElec   .          Harm     .   (no cloak)
rCorr   .          Rampage  .   (no gloves)
Will    .....                   (no boots)
Stlth   +.........              (no amulet)
HPRegen 0.15/turn               l - +4 ring of protection
MPRegen 0.09/turn               (no ring)

@: no status effects
A: horns 2, retaliatory headbutt
a: Renounce Religion, Berserk, Trog's Hand


You were on level 3 of the Dungeon.
You worshipped Trog.
Trog was pleased with you.
You visited 1 branch of the dungeon, and saw 3 of its levels.

You collected 149 gold pieces.

Inventory:

Hand Weapons
 a - a +0 hand axe
 n - a +1 vorpal hand axe (weapon)
Armour
 b - a +0 animal skin
 g - a +0 leather armour
 k - a +0 ring mail (worn)
 m - a +0 buckler (worn)
Jewellery
 l - a +4 ring of protection (left hand)
Scrolls
 d - a scroll of identify {unknown}
 e - a scroll of enchant weapon {unknown}
 i - 2 scrolls of amnesia {unknown}
 j - 2 scrolls of fog {unknown}
Potions
 c - a potion of might {unknown}
 f - 2 potions of curing {unknown}
 h - 2 potions of flight {unknown}


   Skills:
 * Level 4.9 Fighting
 + Level 5.3 Axes
 + Level 3.2 Armour
 + Level 2.7 Dodging
 + Level 0.3 Stealth


You had 4 spell levels left.
You didn't know any spells.
Your spell library was empty.

Dungeon Overview and Level Annotations

Branches:
Dungeon (3/15)

Altars:
Beogh


Innate Abilities, Weirdness & Mutations

You have a pair of horns on your head.
You reflexively headbutt those who attack you in melee.


Message History

Trog accepts your kill.
You completely miss the orc wizard. The orc wizard misses you.
Your Axes skill increases to level 5!
Unknown command.
You hit the orc wizard. You headbutt the orc wizard!
You kill the orc wizard!
Trog accepts your kill.
Trog appreciates your killing of a magic user.
You have reached level 5!
No target in view!
Unknown command.
No target in view!
Unknown command.
No target in view!
Unknown command.
Things that are here:
a +0 hand axe; a +0 hand axe You feel a strong urge to attack something.
You now have 53 gold pieces (gained 15).
You feel your anger nearly subside.
You are no longer berserk.
You are exhausted.
You feel yourself slow down.
You now have 66 gold pieces (gained 13).
You now have 78 gold pieces (gained 12).
You now have 92 gold pieces (gained 14).
You now have 109 gold pieces (gained 17).
You now have 115 gold pieces (gained 6).
You feel yourself speed up.
You now have 130 gold pieces (gained 15).
You now have 138 gold pieces (gained 8).
You recover from your berserk rage.
You now have 149 gold pieces (gained 11).
There is a roughly hewn altar of Beogh here.
You kneel at the altar of Beogh.
Beogh does not accept worship from those such as you!
You start resting.
HP restored.
Char dumped successfully.
Char dumped successfully.
Are you sure you want to abandon this character and quit the game? (Confirm with "yes".)

#......#.##
#......'..#
#......#..#
#)....##'##
#....##.))##
######.8.8.#
#.....#
#.8.8.#
##.@.##
#####


There were no monsters in sight!

Vanquished Creatures
  2 orc priests (D:3)
  An orc wizard (D:3)
  An adder (D:2)
  2 worms (D:2)
  A dart slug (D:2)
  5 orcs (D:3)
  An endoplasm (D:1)
  2 giant cockroaches (D:2)
  5 goblins
  3 hobgoblins (D:2)
  6 jackals
  4 kobolds
  A quokka (D:1)
  3 ball pythons
  5 bats
  2 frilled lizards (D:1)
  3 rats
47 creatures vanquished.

Notes
Turn   | Place    | Note
-------+----------+-------------------------------------------
     0 | D:1      | cbfl8 the Minotaur Berserker began the quest for the Orb.
     0 | D:1      | Reached XP level 1. HP: 19/19 MP: 0/0
   484 | D:1      | Reached skill level 4 in Axes
   484 | D:1      | Reached XP level 2. HP: 27/27 MP: 1/1
   505 | D:1      | Found a faded altar of an unknown god.
   907 | D:2      | Reached ** piety under Trog
  1046 | D:2      | Reached XP level 3. HP: 34/34 MP: 2/2
  1669 | D:3      | Reached XP level 4. HP: 28/41 MP: 3/3
  1825 | D:3      | Reached skill level 5 in Axes
  1826 | D:3      | Reached XP level 5. HP: 47/47 MP: 4/4
  1919 | D:3      | Quit the game

Illustrated notes

Levels and vault maps discovered:
D:1:      evilmike_arrival_rings, layout_loops_ring,
          dreamdust_ecumenical_altar_angels_and_demons
D:2:      layout_rooms
D:3:      layout_basic, kennysheep_orc_chapel

Skill      XL: |  1  2  3  4 |
---------------+-------------+-----
Axes           | 4 5 |  5.3
Fighting       | 4 |  4.9
Armour         | 3 |  3.2
Dodging        | |  2.7
Stealth        | |  0.3

Action                   |  1- 3 |  4- 6 || total
-------------------------+-------+-------++-------
Melee: Hand axe          |    79 |     6 ||    85
       Headbutt          |     8 |     1 ||     9
Invok: Berserk           |       |     1 ||     1
Armor: Leather armour    |    13 |       ||    13
       Ring mail         |    11 |       ||    11
Dodge: Dodged            |    48 |     1 ||    49
Block: Buckler           |     3 |       ||     3
